 Dungeon Crawl Stone Soup version 0.29.1-2-gbd0b4ee654 (webtiles) character file.

Game seed: 2357853586447952997

3313 safid the Skirmisher (level 9, -13/121 HPs)
             Began as a Minotaur Hunter on Oct 25, 2022.
             Was a Priest of Okawaru.
             Mangled by a two-headed ogre
             ... wielding a +0 giant club
              (14 damage)
             ... on level 8 of the Dungeon.
             The game lasted 00:19:00 (9224 turns).

safid the Skirmisher (Minotaur Hunter)              Turns: 9224, Time: 00:19:00

Health: -13/121    AC: 24    Str: 16    XL:     9   Next: 70%
Magic:  13/13      EV:  2    Int:  6    God:    Okawaru [***...]
Gold:   145        SH:  0    Dex: 18    Spells: 8/8 levels left

rFire   . . .      SeeInvis .   a - +0 shortbow
rCold   . . .      Faith    .   (shield currently unavailable)
rNeg    . . .      Spirit   .   (body armour currently unavailable)
rPois   +          Reflect  .   (helmet currently unavailable)
rElec   .          Harm     .   (cloak currently unavailable)
rCorr   .          Rampage  .   (gloves currently unavailable)
Will    .....      NoTele   +   (boots currently unavailable)
Stlth   ++........              (no amulet)
HPRegen 0.30/turn               (no ring)
MPRegen 0.13/turn               (no ring)

@: tree-form, studying Ranged Weapons
A: stationary, stasis, torment immunity, boosted hp, (horns 2), (retaliatory
headbutt)
a: Renounce Religion, Heroism


You were on level 8 of the Dungeon.
You worshipped Okawaru.
Okawaru was most pleased with you.
You were a tree.
You visited 2 branches of the dungeon, and saw 9 of its levels.
You also visited: Sewer.

You collected 1356 gold pieces.
You spent 1211 gold pieces at shops.

Inventory:

Hand Weapons
 a - a +0 shortbow (weapon)
Missiles
 c - 5 curare-tipped darts
 q - 5 javelins
Armour
 b - +0 acid dragon scales (melded)
 f - a +2 pair of boots (melded)
 y - a +0 cloak (melded)
Wands
 e - a wand of polymorph (5)
 n - a wand of paralysis (12)
 F - a wand of roots (19)
Scrolls
 g - a scroll of blinking {unknown}
 k - 4 scrolls of teleportation
 m - a scroll of enchant weapon {unknown}
 p - a scroll of fear {unknown}
 r - a scroll of fog {unknown}
 u - a scroll of summoning {unknown}
 w - a scroll of poison {unknown}
 B - a scroll of magic mapping {unknown}
 C - 2 scrolls of noise {unknown}
 E - 2 scrolls of silence
Potions
 d - 3 potions of curing
 h - 2 potions of brilliance
 i - a potion of lignification
 j - 3 potions of mutation
 l - 2 potions of invisibility {unknown}
 o - 2 potions of attraction {unknown}
 s - 2 potions of resistance
 t - a potion of haste {unknown}
 v - a potion of experience {unknown}
 x - a potion of ambrosia {unknown}
 z - a potion of berserk rage {unknown}
 D - 2 potions of might {unknown}


   Skills:
 + Level 8.3 Fighting
 + Level 10.2 Ranged Weapons
 + Level 6.3 Armour
 + Level 2.9 Dodging
 - Level 0.7 Stealth
 + Level 6.7 Invocations


You had 8 spell levels left.
You didn't know any spells.
Your spell library contained the following spells:

 Spells                   Type           Power      Damage    Failure   Level
 Apportation              Tloc           0%         N/A       45%         1
 Necrotise                Necr           0%         1d4       45%         1
 Frozen Ramparts          Ice            0%         1d1       83%         3
 Inner Flame              Hex/Fire       0%         N/A       83%         3
 Cause Fear               Hex            0%         N/A       99%         4
 Ice Form                 Ice/Tmut       0%         N/A       99%         4
 Discord                  Hex            0%         N/A       100%        8
 Summon Small Mammal      Summ           Unusable   N/A       N/A         1
 Summon Ice Beast         Ice/Summ       Unusable   N/A       N/A         4

Dungeon Overview and Level Annotations

Branches:
Dungeon (8/15)             Temple (1/1) D:4           Sewer (visited)
   Lair: D:8-11

Altars:
Ashenzari
Cheibriados
Elyvilon
Fedhas
Gozag
Hepliaklqana
Kikubaaqudgha
Makhleb
Nemelex Xobeh
Okawaru
Qazlal
Sif Muna
Trog
Uskayaw
Vehumet
Xom
Yredelemnul
Zin
The Shining One

Shops:
D:5 *:   D:6 [(   D:7 *


Innate Abilities, Weirdness & Mutations

You are a tree.
Your roots penetrate the ground, keeping you stationary.
You cannot be teleported.
You are immune to unholy pain and torment.
Your maximum health is greatly increased.
Your equipment is partially melded.
((You have a pair of horns on your head.))
((You reflexively headbutt those who attack you in melee.))


Message History

You shoot an arrow.
The arrow barely misses the two-headed ogre.
You shoot an arrow.
The arrow hits the two-headed ogre but does no damage.
The two-headed ogre is heavily wounded.
The two-headed ogre barely misses you.
The two-headed ogre hits you with a +0 giant club!!
You are too injured to fight recklessly!
Unknown command.
Okay, then.
Really quaff the potion of lignification?
You turn into a tree.
Your +0 cloak melds into your body.
Your +2 pair of boots melds into your body.
Your +0 acid dragon scales melds into your body.
Your roots penetrate the ground.
The two-headed ogre hits you but does no damage.
The two-headed ogre hits you with a +0 giant club.
Unknown command.
Fire: a) +0 shortbow
Press: ? - help, Q - select action, (/) - cycle Shift-Dir - straight line, f/p - two-headed ogre
Aim: a two-headed ogre, wielding two +0 giant clubs (heavily wounded, 81% to hit)
You shoot an arrow. The arrow hits the two-headed ogre.
The two-headed ogre is heavily wounded.
Fire: a) +0 shortbow
Press: ? - help, Q - select action, (/) - cycle Shift-Dir - straight line, f/p - two-headed ogre
Aim: a two-headed ogre, wielding two +0 giant clubs (heavily wounded, 81% to hit)
You shoot an arrow. The arrow hits the two-headed ogre!
The two-headed ogre is severely wounded.
The two-headed ogre hits you with a +0 giant club.
The two-headed ogre hits you with a +0 giant club!
* * * LOW HITPOINT WARNING * * *
Fire: a) +0 shortbow
Press: ? - help, Q - select action, (/) - cycle Shift-Dir - straight line, f/p - two-headed ogre
Aim: a two-headed ogre, wielding two +0 giant clubs (severely wounded, 81% to hit)
You shoot an arrow. The arrow hits the two-headed ogre.
The two-headed ogre is severely wounded.
The two-headed ogre hits you with a +0 giant club!!
* * * LOW HITPOINT WARNING * * *
The two-headed ogre hits you with a +0 giant club!
You die...

##############
#.....<......#
#............#
#............#
#............#
#............#
#..........♣.#
#..........O.#
##+#########...
..... ......#
...)..# ......#
#####..


You could see a two-headed ogre.

Vanquished Creatures
  6 yaks
  A steam dragon (D:7)
  2 water moccasins (D:6)
  A black bear (D:7)
  3 ice beasts
  2 ogres (D:5)
  A phantom (D:5)
  A kobold brigand (D:5)
  3 bullfrogs (D:7)
  A gnoll sergeant (D:6)
  A necrophage (D:6)
  2 scorpions (D:5)
  A howler monkey (D:6)
  5 hounds
  4 jellies
  An orc priest (D:5)
  4 iguanas
  Jessica (D:3)
  Ijyb (D:5)
  4 orc wizards
  10 gnolls
  8 adders
  A river rat (Sewer)
  2 shadow imps
  A white imp (D:5)
  An ufetubus (D:5)
  2 worms
  6 dart slugs
  18 orcs
  16 ball pythons
  14 endoplasms
  10 giant cockroaches
  6 goblins
  9 hobgoblins
  6 jackals
  10 kobolds
  8 quokkas
  6 bats
  9 frilled lizards
  11 rats
199 creatures vanquished.

Vanquished Creatures (others)
  An orc wizard (D:5)
  4 plants (D:1)
5 creatures vanquished.

Grand Total: 204 creatures vanquished

Notes
Turn   | Place    | Note
-------+----------+-------------------------------------------
     0 | D:1      | safid the Minotaur Hunter began the quest for the Orb.
     0 | D:1      | Reached XP level 1. HP: 18/18 MP: 0/0
   106 | D:1      | Reached XP level 2. HP: 25/25 MP: 1/1
   670 | D:1      | Reached skill level 5 in Ranged Weapons
   670 | D:1      | Reached XP level 3. HP: 31/31 MP: 2/2
  1781 | D:3      | Reached XP level 4. HP: 40/40 MP: 3/3
  1854 | D:3      | Found a shimmering altar of Xom.
  1984 | D:3      | Found a glowing drain.
  2009 | Sewer    | Entered a sewer
  2153 | Sewer    | Reached XP level 5. HP: 47/47 MP: 4/4
  2172 | Sewer    | Reached skill level 5 in Fighting
  2172 | Sewer    | Reached skill level 6 in Ranged Weapons
  2289 | Sewer    | Found a viscous altar of Jiyva.
  2708 | D:3      | Noticed Jessica
  2709 | D:3      | Killed Jessica
  2710 | D:3      | Reached XP level 6. HP: 57/57 MP: 5/5
  2857 | D:3      | Found a faded altar of an unknown god.
  2972 | D:3      | Found a blossoming altar of Fedhas.
  3197 | D:4      | Found a staircase to the Ecumenical Temple.
  3324 | Temple   | Entered the Ecumenical Temple
  3436 | Temple   | Became a worshipper of Warmaster Okawaru
  3907 | D:4      | Reached skill level 1 in Armour
  4323 | D:5      | Entered Level 5 of the Dungeon
  4382 | D:5      | Found a shimmering blue altar of Sif Muna.
  4415 | D:5      | Noticed an ice beast
  4434 | D:5      | Killed an ice beast
  4435 | D:5      | Reached skill level 1 in Invocations
  4728 | D:5      | Reached * piety under Okawaru
  4729 | D:5      | Reached XP level 7. HP: 58/63 MP: 7/7
  4865 | D:5      | Found Gurgheequ's Assorted Antiques.
  4920 | D:5      | Reached skill level 7 in Ranged Weapons
  5022 | D:5      | Noticed Ijyb
  5029 | D:5      | Killed Ijyb
  5825 | D:5      | Found Fobum's Book Boutique.
  5851 | D:5      | Reached XP level 8. HP: 57/73 MP: 9/9
  6249 | D:6      | HP: 3/73 [poisoned by a water moccasin]
  6680 | D:5      | Reached ** piety under Okawaru
  6681 | D:5      | Reached skill level 8 in Ranged Weapons
  6681 | D:5      | Reached skill level 5 in Armour
  6918 | D:6      | Found a burning altar of Makhleb.
  6918 | D:6      | Found a glowing silver altar of Zin.
  6918 | D:6      | Found a glowing golden altar of the Shining One.
  6918 | D:6      | Found a broken altar of Ashenzari.
  6918 | D:6      | Found a radiant altar of Vehumet.
  6918 | D:6      | Found a bloodstained altar of Trog.
  6918 | D:6      | Found a hide-covered altar of Uskayaw.
  7259 | D:6      | Found Bakosib's Weapon Emporium.
  7602 | D:6      | Reached skill level 5 in Invocations
  7602 | D:6      | Reached XP level 9. HP: 67/81 MP: 8/11
  7609 | D:6      | Reached skill level 9 in Ranged Weapons
  7642 | D:5      | HP: 2/81 [yak (12)]
  7643 | D:5      | Reached *** piety under Okawaru
  7997 | D:6      | Found Plog's Armour Boutique.
  8629 | D:7      | Found Vuliesuck's General Store.
  8645 | D:7      | Bought a potion of degeneration for 11 gold pieces
  8646 | D:7      | Identified a scroll of acquirement
  8647 | D:7      | Acquired 866 gold pieces
  8718 | D:5      | Bought a manual of Ranged Weapons for 1200 gold pieces
  8773 | D:7      | Reached skill level 10 in Ranged Weapons
  9211 | D:8      | Noticed a two-headed ogre
  9224 | D:8      | HP: 1/121 [two-headed ogre/+0 giant club (19)]
  9224 | D:8      | Mangled by a two-headed ogre

Illustrated notes

Levels and vault maps discovered:
D:1:      dpeg_arrival_refuge, layout_loops_ring, serial_forest,
          infiniplex_forest_clump_double, infiniplex_forest_lined_3,
          infiniplex_forest_clump_small, infiniplex_forest_corner_2,
          infiniplex_forest_straight_1, infiniplex_forest_lined_3,
          infiniplex_forest_straight_3, infiniplex_forest_clump_tiny,
          nrook_campfire
D:2:      layout_loops_ring, minmay_vboxes
D:3:      layout_basic, mainiacjoe_overflow_chevrons, lemuel_doored_altar,
          hellmonk_ecumenical_altar_leap_of_faith, portal_sewer_entry_f,
          dreamdust_wishing_well, hangedman_decor_lopped, minmay_unequal,
          uniq_jessica
D:4:      layout_layer_cave, temple_hall
D:5:      minmay_diamond_boxcup, layout_basic, led_sif_pool, serial_shops, shop,
          nicolae_shop_trees, uniq_ijyb
D:6:      layout_loops_cross, grunt_temple_overflow_open, serial_shops,
          nicolae_shop_bloodbath_and_beyond, nicolae_lakefront_shop
D:7:      layout_cave_pools, serial_shops, nicolae_shop_trees
D:8:      layout_gridville, nicolae_dithmenos_shadow_blocks, dpeg_oklobed_lair,
          supply_closet_lemuel, uniq_psyche
Temple:   kb_temple_of_zot

Skill      XL: |  1  2  3  4  5  6  7  8  9 |
---------------+----------------------------+-----
Fighting       | 3 4 5 6 7 8 |  8.3
Ranged Weapons | 5 6 7 8 10 | 10.2
Armour         | 2 3 6 |  6.3
Invocations    | 1 3 5 6 |  6.7
Dodging        | |  2.9
Stealth        | |  0.7

Action                   |  1- 3 |  4- 6 |  7- 9 || total
-------------------------+-------+-------+-------++-------
Melee: Shortbow          |       |       |     2 ||     2
 Fire: Shortbow          |   115 |   222 |   409 ||   746
Invok: Heroism           |       |       |     1 ||     1
  Use: Potion            |       |     2 |     3 ||     5
       Scroll            |       |       |     9 ||     9
Armor: Leather armour    |     4 |       |       ||     4
       Ring mail         |    10 |    44 |   117 ||   171
       Acid dragon scale |       |       |     6 ||     6
       Skin              |       |       |     1 ||     1
Dodge: Dodged            |    17 |    77 |   159 ||   253
